 Dungeon Crawl Stone Soup version 0.21.1-1-g345015f (webtiles) character file.

13 Iko the Charmwright (level 2, -3/22 HPs)
             Began as a Demonspawn Skald on June 12, 2018.
             Was a Follower of Fedhas.
             Killed by divine providence
             ... invoked by an orc priest
              (9 damage)
             ... on level 4 of the Dungeon.
             The game lasted 00:02:54 (220 turns).

Iko the Charmwright (Demonspawn Skald)               Turns: 220, Time: 00:02:56

Health: -3/22      AC:  6    Str: 11    XL:     2   Next: 24%
Magic:  3/5        EV:  9    Int: 14    God:    Fedhas [*.....]
Gold:   27         SH:  0    Dex: 12    Spells: 4/5 levels left

rFire    . . .     SeeInvis .   d - +0 whip
rCold    . . .     Gourm    .   (no shield)
rNeg     . . .     Faith    .   e - +0 scale mail
rPois    .         Spirit   .   (no helmet)
rElec    .         Reflect  .   (no cloak)
rCorr    .         Harm     .   (no gloves)
MR       .....                  (no boots)
Stlth    ..........             g - amulet of rage
HPRegen  0.07/turn              (no ring)
MPRegen  0.09/turn              (no ring)

@: infused
A: rot immunity
a: Fungal Bloom, Evolution, Renounce Religion, Evoke Berserk Rage


You were on level 4 of the Dungeon.
You worshipped Fedhas.
Fedhas was aware of your devotion.
You were not hungry.

You visited 1 branch of the dungeon, and saw 4 of its levels.

You collected 27 gold pieces.

Inventory:

Hand Weapons
 d - a +0 whip (weapon)
Armour
 e - a +0 scale mail (worn)
Jewellery
 g - an amulet of rage (around neck)
Books
 b - a book of Battle

   Spells                             Type                      Level
   a - Infusion                       Charms                       1
   b - Shroud of Golubria             Charms/Translocation         2
   c - Song of Slaying                Charms                       2
   d - Spectral Weapon                Hexes/Charms                 3
   e - Regeneration                   Charms/Necromancy            3
Comestibles
 c - 2 rations


   Skills:
 + Level 2.1 Fighting
 + Level 1.0 Armour
 + Level 2.0 Dodging
 + Level 1.8 Unarmed Combat
 + Level 2.1 Spellcasting
 + Level 3.0 Charms


You had 4 spell levels left.
You knew the following spells:

 Your Spells              Type           Power        Failure   Level  Hunger
a - Infusion              Chrm           #...         38%         1    ##.....


Dungeon Overview and Level Annotations

Branches:
Dungeon (2/15)

Altars:
Fedhas


Innate Abilities, Weirdness & Mutations

You are immune to rotting.


Message History

The orc priest hits you but does no damage.
You barely miss the orc priest.
The orc priest is moderately wounded.
The orc closely misses you. The orc hits you but does no damage.
The orc priest hits you but does no damage.
The orc hits you with a short sword.
You hit the orc priest.
The orc priest is heavily wounded.
The orc hits you with an enchanted dagger.
The orc priest hits you with a flail. The orc hits you but does no damage.
The orc hits you with an enchanted dagger.
You hit the orc priest but do no damage.
The orc priest is heavily wounded.
The orc hits you but does no damage.
The orc hits you with an enchanted dagger.
* * * LOW HITPOINT WARNING * * *
The orc priest invokes the aid of Beogh against you.
Beogh smites you!
You die...
Fedhas appreciates your contribution to the ecosystem.

#..#.## #.....
#...?# #....#
#....# # #....#
...
.#####.!.o##.....
....(..(.@o..#
........o###.#.
#####..........
#..........
#....######
#.#### ##.# #..#
#. #..# #.


You could see an orc priest and 2 orcs.

Vanquished Creatures
  An adder (D:2)
  A ball python (D:3)
  A frilled lizard (D:2)
  A kobold (D:2)
  A rat (D:3)
5 creatures vanquished.

Notes
Turn   | Place    | Note
-------+----------+-------------------------------------------
     0 | D:1      | Iko the Demonspawn Skald began the quest for the Orb.
     0 | D:1      | Reached XP level 1. HP: 16/16 MP: 3/3
    57 | D:2      | Found a faded altar of an unknown god.
    89 | D:2      | Reached skill level 1 in Armour
    89 | D:2      | Reached skill level 3 in Charms
    89 | D:2      | Gained mutation: You are immune to rotting. [demonic ancestry]
    89 | D:2      | Reached XP level 2. HP: 7/22 MP: 1/5
    92 | D:2      | Became a worshipper of Fedhas Madash
    92 | D:2      | Reached * piety under Fedhas
   112 | D:2      | You fall through a shaft!
   125 | D:3      | You fall through a shaft!
   220 | D:4      | Killed from afar by an orc priest

Skill      XL: |  1 |
---------------+----+-----
Armour         | 1 |  1.0
Dodging        | 2 |  2.0
Charms         | 3 |  3.0
Fighting       | |  2.1
Unarmed Combat | |  1.8
Spellcasting   | |  2.1

Action                   || total
-------------------------++-------
Melee: Whip              ||    34
 Cast: Infusion          ||     2
Invok: Fungal Bloom      ||     1
  Use: Potion            ||     2
Armor: Scale mail        ||    22
Dodge: Dodged            ||    24
